 Dungeon Crawl Stone Soup version 0.31-a0-233-g139696dc86 (webtiles) character file.

Game seed: 11887898293136099317

91 qw the Shooter (level 4, -1/36 HPs)
             Began as a Minotaur Hexslinger on July 8, 2023.
             Slain by Terence
             ... wielding a +0 trident
              (5 damage)
             ... on level 3 of the Dungeon.
             The game lasted 00:00:46 (1346 turns).

qw the Shooter (Minotaur Hexslinger)                Turns: 1346, Time: 00:00:46

Health: -1/36      AC:  5    Str: 16    XL:     4   Next: 34%
Magic:  4/4        EV: 12    Int: 13    God:
Gold:   93         SH:  0    Dex: 14    Spells: 4/5 levels left

rFire   . . .        Y - +3 sling
rCold   . . .        (no shield)
rNeg    . . .        a - +0 leather armour of Syugiro {Str+3 Int+3}
rPois   .            (helmet restricted)
rElec   .            (no cloak)
rCorr   .            h - +0 pair of gloves
SInv    .            j - +0 pair of boots
Will    .....        (no amulet)
Stlth   +            (no ring)
HPRegen 0.26/turn    (no ring)
MPRegen 0.09/turn

%: no passive effects
@: about to teleport
A: horns 2, retaliatory headbutt
a: no special abilities


You were on level 3 of the Dungeon.
You visited 1 branch of the dungeon, and saw 3 of its levels.

You collected 93 gold pieces.


Innate Abilities, Weirdness & Mutations

You have a pair of horns on your head.
You reflexively headbutt those who attack you in melee.


   Skills:
 - Level 2.0 Fighting
 + Level 4.9 Ranged Weapons
 - Level 2.1 Dodging
 - Level 1.0 Spellcasting
 - Level 2.0 Hexes


You had 4 spell levels left.
You knew the following spells:

 Your Spells              Type           Power      Damage    Failure   Level
a - Slow                  Hex            20%        N/A       16%         1

Your spell library contained the following spells:

 Spells                   Type           Power      Damage    Failure   Level
 Inner Flame              Hex/Fire       3%         N/A       56%         3
 Portal Projectile        Hex/Tloc       6%         N/A       56%         3
 Cause Fear               Hex            2%         N/A       83%         4

Inventory:

Hand Weapons
 Y - a +3 sling (weapon)
Armour
 a - the +0 leather armour of Syugiro (worn) {Str+3 Int+3}
   (You found it on level 2 of the Dungeon)

   Str:       It affects your strength (+3).
   Int:       It affects your intelligence (+3).
 h - a +0 pair of gloves (worn)
 j - a +0 pair of boots (worn)
Jewellery
 k - a ring of fire
Scrolls
 e - a scroll of identify
Potions
 b - a potion of curing
 c - a potion of degeneration {unknown}
 f - a potion of magic {unknown}

Dungeon Overview and Level Annotations

Branches:
Dungeon (3/15)

Altars:
Hepliaklqana

Annotations:
D:3 Grinder, Terence


Message History

You shoot a sling bullet. The sling bullet hits Terence.
Terence is almost dead.
You shoot a sling bullet. The sling bullet hits Terence.
Terence is almost dead.
Grinder blinks!
Terence hits you from afar with a +0 trident.
You shoot a sling bullet.
The sling bullet completely misses Terence.
Terence hits you from afar with a +0 trident.
You shoot a sling bullet. The sling bullet hits the quokka.
You kill the quokka!
Terence hits you from afar with a +0 trident.
You shoot a sling bullet.
The sling bullet hits Terence but does no damage.
Terence is almost dead.
Terence closely misses you.
You shoot a sling bullet.
The sling bullet hits Terence but does no damage.
Terence is almost dead.
Terence hits you from afar with a +0 trident. x2
1342 ||| DRINKING potion of heal wounds.
You feel much better.
Terence hits you from afar with a +0 trident!
You shoot a sling bullet.
The sling bullet hits Terence but does no damage.
Terence is almost dead.
Your hearing returns.
Terence closely misses you.
You shoot a sling bullet. The sling bullet barely misses Terence.
Terence hits you from afar with a +0 trident!
1345 ||| READING scroll of teleportation.
As you read the scroll of teleportation, it crumbles to dust.
You feel strangely unstable.
Grinder blinks!
Terence closely misses you.
You shoot a sling bullet.
The sling bullet closely misses Terence.
Grinder gestures at you. You resist with significant effort.
Terence hits you from afar with a +0 trident.
You die...

...#.....##.### #.#
##.#..#...#.# #.#
##...#.#....# #.#
#.....#...### #.#
.....###.## ### #.#
#.....#.## #.. #.#
##>#.#.## #.# #.#
......## #.########. #.#
>.....########@.@%.ยค.[..
#.#
.............5.#########
#.# ..%...########.#
######.# ......#
#.#######......# ......#
#.........###### ......#
########..# ......# #..#
....[.# ######### #..#
.#.#### #.......# #..#


You could see Grinder and Terence.

Vanquished Creatures
  4 adders (D:2)
  3 dart slugs
  5 bats
  3 endoplasms
  2 giant cockroaches (D:1)
  3 goblins
  9 hobgoblins
  4 quokkas
  2 ball pythons (D:3)
  5 frilled lizards
  3 kobolds
  3 rats
46 creatures vanquished.

Notes
Turn   | Place    | Note
-------+----------+-------------------------------------------
     0 | D:1      | qw the Minotaur Hexslinger began the quest for the Orb.
     0 | D:1      | Reached XP level 1. HP: 16/16 MP: 1/1
     0 | D:1      | 0 ||| qw: Version: 0.3-a-46-gb1f654a
     0 | D:1      | 0 ||| qw: Game counter: 3705
     0 | D:1      | 0 ||| qw: Melee chars always use a shield: true
     0 | D:1      | 0 ||| qw: God list: Okawaru
     0 | D:1      | 0 ||| qw: Allow faded altars: false
     0 | D:1      | 0 ||| qw: Do Orc after clearing Dungeon:15 true
     0 | D:1      | 0 ||| qw: Do second Lair branch before Depths: true
     0 | D:1      | 0 ||| qw: Lair rune preference: random
     0 | D:1      | 0 ||| qw: Goals: Normal
     0 | D:1      | 0 ||| PLANNING D:1-11
    52 | D:1      | Reached skill level 3 in Ranged Weapons
    52 | D:1      | Reached XP level 2. HP: 23/23 MP: 2/2
   460 | D:1      | 460 ||| UPGRADING to +0 pair of gloves.
   465 | D:1      | 465 ||| UPGRADING to +0 pair of boots.
   470 | D:1      | 470 ||| READING scroll labelled UCZOCY VITEASI.
   471 | D:1      | 471 ||| READING 2 scrolls labelled YTYRAE YSAETOO.
   472 | D:1      | 472 ||| READING scroll labelled RENLUU ILOLIXU.
   473 | D:1      | 473 ||| READING 2 scrolls labelled XYIT WAURAYD.
   478 | D:1      | 478 ||| READING 2 scrolls labelled COIFRE XUPRI.
   479 | D:1      | 479 ||| READING scroll of enchant weapon.
   479 | D:1      | 479 ||| ENCHANTING +2 sling.
   480 | D:1      | 480 ||| DROPPING scroll of poison.
   572 | D:2      | Reached XP level 3. HP: 24/29 MP: 3/3
   664 | D:2      | Identified the +0 leather armour of Syugiro {Str+3 Int+3}
   674 | D:2      | Reached skill level 4 in Ranged Weapons
   865 | D:2      | Found a hazy altar of Hepliaklqana.
   951 | D:2      | Reached XP level 4. HP: 36/36 MP: 4/4
   958 | D:2      | 958 ||| UPGRADING to +0 leather armour of Syugiro {Str+3
                  | Int+3}.
   968 | D:2      | 968 ||| DROPPING +0 robe.
   969 | D:2      | 969 ||| DRINKING 2 green potions.
   970 | D:2      | 970 ||| READING 2 scrolls of identify.
   970 | D:2      | 970 ||| IDENTIFYING cyan potion
  1297 | D:3      | Noticed Terence
  1313 | D:3      | 1313 ||| READING scroll labelled HEIPHE XENWAEZ.
  1335 | D:3      | Noticed Grinder
  1341 | D:3      | HP: 7/36 [Terence/+0 trident (5)]
  1342 | D:3      | 1342 ||| DRINKING potion of heal wounds.
  1344 | D:3      | HP: 3/36 [Terence/+0 trident (7)]
  1345 | D:3      | 1345 ||| READING scroll of teleportation.
  1346 | D:3      | Slain by Terence

Levels and vault maps discovered:
D:1:      scummos_arrival_simple_fountains, layout_basic
D:2:      layout_rooms, basic_altar, chequers_serial_rivers_micro_a
D:3:      layout_loops_ring, uniq_grinder, uniq_terence

Skill      XL: |  1  2  3 |
---------------+----------+-----
Ranged Weapons | 3 4 |  4.9
Fighting       | 2 |  2.0
Dodging        | |  2.1
Spellcasting   | |  1.0
Hexes          | |  2.0

Action                     |  1- 3 |  4- 6 || total
---------------------------+-------+-------++-------
   Fire: Sling             |    87 |    53 ||   140
    Use: Scroll            |     6 |     3 ||     9
         Potion            |       |     2 ||     2
 Armour: Robe              |     7 |       ||     7
         Leather armour    |       |     1 ||     1
  Dodge: Dodged            |    17 |    19 ||    36

Table legend:
 A = Non-vault XP
 B = Vault XP
 C = Vault XP percentage of total XP
 D = Non-vault monster count
 E = Vault monster count
 F = Vault count percentage of total count
                 A         B        C        D         E       F
            +---------+---------+-------+---------+---------+-------
      Total |     131 |       0 |   0.0 |      46 |       0 |   0.0
            +---------+---------+-------+---------+---------+-------
        D:1 |      32 |       0 |   0.0 |      18 |       0 |   0.0
        D:2 |      80 |       0 |   0.0 |      17 |       0 |   0.0
        D:3 |      19 |       0 |   0.0 |      11 |       0 |   0.0
            +---------+---------+-------+---------+---------+-------
